 Dungeon Crawl Stone Soup version 0.19-a0-1239-gbb8a913 (webtiles) character file.

56733 IVIUSE the Slayer (level 14, 0/155 HPs)
             Began as a Minotaur Berserker on Aug 26, 2016.
             Was the Champion of Trog.
             Succumbed to a naga's splash of poison
             ... on level 3 of the Snake Pit.
             The game lasted 01:28:00 (17795 turns).

IVIUSE the Slayer (Minotaur Berserker)             Turns: 17795, Time: 01:28:00

Health: 0/155      AC: 22    Str: 27    XL:     14   Next: 43%
Magic:  1/4        EV:  9    Int:  4    God:    Trog [******]
Gold:   67         SH:  0    Dex: 17    Spells: 0 memorised, 13 levels left

rFire  + . .     SeeInvis .     B - +2 great mace "Moas" {antimagic, rPois rC+ rN+}
rCold  + + .     Gourm    .     k - +3 chain mail {rPois}
rNeg   + . .     Faith    .     (shield currently unavailable)
rPois  +         Spirit   +     (helmet restricted)
rElec  +         Dismiss  .     f - +0 cloak of Leapfrog {Dex+4} (curse)
rCorr  +         Reflect  .     (no gloves)
MR     +....     Harm     .     l - +0 pair of boots
Stlth  ..........               a - amulet of guardian spirit
                                i - ring of poison resistance
                                C - ring "Eppistac" {AC+6 Dex+3}

@: lethally poisoned (0 -> -3), exhausted, resistant
A: retaliatory headbutt, horns 2, talons 1, slimy green scales 1, regeneration 1
a: Berserk, Trog's Hand, Brothers in Arms, Burn Spellbooks, Renounce Religion


You were on level 3 of the Snake Pit.
You worshipped Trog.
Trog was exalted by your worship.
You were not hungry.

You visited 4 branches of the dungeon, and saw 18 of its levels.
You also visited: Labyrinth and Ice Cave.

You collected 1253 gold pieces.
You spent 1186 gold pieces at shops.

Inventory:

Hand Weapons
 b - a +4 dire flail of draining
 d - a +6 executioner's axe of chopping
 n - a +2 flail of protection
 t - a +4 dire flail of crushing
 u - a +1 dire flail of protection
 B - the +2 great mace "Moas" (weapon) {antimagic, rPois rC+ rN+}
   (Trog gifted it to you on level 2 of the Snake Pit)

   It reduces the magical energy of the wielder, and disrupts the spells and
   magical abilities of those hit.
   Natural abilities and divine invocations are not affected.
   It protects you from cold.
   It protects you from poison.
   It protects you from negative energy.
 P - a +5 arbalest of flaming
 Y - the cursed +0 battleaxe of Impatience {chop, rPois Int-3 Stlth+, unknown}
   (You found it in an ice cave)

   It inflicts extra damage upon your enemies.
   It affects your intelligence (-3).
   It protects you from poison.
   It makes you more stealthy.
   It has a curse placed upon it.
Missiles
 G - 7 tomahawks of returning (quivered)
Armour
 c - the cursed +0 cloak of Sudantog {rCorr}
   (You found it on level 3 of the Lair of Beasts)

   It protects you from acid and corrosion.
   It has a curse placed upon it.
 f - the cursed +0 cloak of Leapfrog (worn) {Dex+4}
   (You found it on level 4 of the Lair of Beasts)

   It affects your dexterity (+4).
   It has a curse placed upon it.
 k - a +3 chain mail of poison resistance (worn)
 l - a +0 pair of boots (worn)
 Z - a +2 shield of cold resistance
Jewellery
 a - an amulet of guardian spirit (around neck)
 i - a ring of poison resistance (right hand)
 v - an uncursed ring of stealth
 w - an uncursed ring of protection from magic {unknown}
 C - the ring "Eppistac" (left hand) {AC+6 Dex+3}
   (You bought it in a shop on level 2 of the Snake Pit)

   [ring of protection]

   It affects your AC (+6).
   It affects your dexterity (+3).
Wands
 z - a wand of confusion (7/48)
 M - a wand of confusion (38/48)
Scrolls
 g - 4 scrolls of teleportation
 j - 3 scrolls of enchant weapon
 o - 5 scrolls of identify
 p - a scroll of fog
 q - 2 scrolls of amnesia
 r - a scroll of remove curse {unknown}
 s - 2 scrolls of enchant armour
 x - a scroll of recharging
 A - 2 scrolls of magic mapping {unknown}
 N - 2 scrolls of fear
 Q - a scroll of blinking
Potions
 m - 2 potions of haste
 R - 2 potions of flight
 S - 2 potions of agility
 U - a potion of berserk rage
 W - 3 potions of resistance
Miscellaneous
 y - a phial of floods
 T - a fan of gales
Comestibles
 D - 3 meat rations
 E - 3 fruits


   Skills:
 + Level 22.9 Fighting
 - Level 16.0 Maces & Flails
 - Level 2.4 Armour
 - Level 2.1 Dodging
 - Level 0.1 Stealth
 + Level 0.5 Evocations


You had 13 spell levels left.
You didn't know any spells.

Dungeon Overview and Level Annotations

Branches:
Dungeon (10/15)            Temple (1/1) D:7            Lair (4/6) D:10
  Snake (3/4) Lair:4          Orc (0/2) D:10
  Swamp: Lair:2-4    Shoals: Lair:2-4

Altars:
Ashenzari
Dithmenos
Elyvilon
Fedhas
Gozag
Hepliaklqana
Kikubaaqudgha
Makhleb
Nemelex Xobeh
Okawaru
Qazlal
Ru
Sif Muna
Trog
Uskayaw
Vehumet
Xom
Yredelemnul
The Shining One

Shops:
D:4 :   Snake:2 ==}

Annotations:
D:1 2 exclusions


Innate Abilities, Weirdness & Mutations

You reflexively headbutt those who attack you in melee.
You have a pair of horns on your head.
You have sharp toenails.
You are partially covered in slimy green scales. (AC +2)
Your natural rate of healing is unusually fast.


Message History

Your magical effects are unravelling.
You feel magically purged.
You feel yourself speed up.
You feel a little less mighty now.
Your resistance to elements expires.
* * * LOW HITPOINT WARNING * * *
You feel very sick.
You feel protected.
* * * LOW HITPOINT WARNING * * *
You feel sick.
Unknown command.
What are your orders? t - Shout!
Orders for allies: a - Attack new target. r - Retreat! s - Stop attacking. g - Guard the area. f - Follow me.
Anything else - Cancel.
Okay, then.
As you read the scroll labeled POGOLOI AMITS, it crumbles to dust.
You feel a surge of unholy energy.
It was a scroll of torment.
You die...

.. ## ? .# #. ..#
#. #..### #..
###.....##
####..####)<.......
.../>..#(@)......##
.......(()).......#
##.........####....
#.........# ...
#..........# ..
#...........# #
..........#...#
....#....#......
###..#.....#####


There were no monsters in sight!

Vanquished Creatures
  Agnes (Snake:2)
  A frost giant (IceCv)
  The ghost of blooo the Alchemist, an adept SpFi of Okawaru (Snake:2)
  Aizul (Snake:2)
  A minotaur (Lab)
  The ghost of Thraspic the Grappler, a journeyman MiFi of Zin (Lab)
  10 naga warriors
  3 anacondas
  A death yak (Lair:3)
  4 naga sharpshooters
  The ghost of paul the Carver, a novice FoFi of Dithmenos (D:9)
  A naga ritualist (Snake:1)
  2 unseen horrors (D:10)
  A hill giant (D:10)
  A griffon (Lair:4)
  A mana viper (Snake:2)
  The ghost of mathmaestro the Ruffian, a novice TrMo (D:4)
  4 salamanders (Snake:2)
  13 black mambas
  An elephant (D:10)
  An ice statue (IceCv)
  2 guardian serpents
  3 naga magi
  5 gargoyles
  3 spiny frogs
  A torpor snail (Lair:3)
  2 rime drakes
  3 komodo dragons
  Prince Ribbit (D:6)
  2 trolls (D:9)
  20 polar bears
  A slime creature (Lair:1)
  A wraith (D:8)
  3 shadows (Lab)
  A steam dragon (D:9)
  A basilisk (Lair:4)
  33 yaks
  Eustachio (D:4)
  2 hippogriffs
  8 hungry ghosts (Lab)
  29 nagas
  4 water moccasins
  5 porcupines
  An orc warrior (D:6)
  A black bear (D:7)
  6 ice beasts
  2 sky beasts (D:6)
  4 phantoms
  7 ogres
  2 centaurs
  9 wolves
  8 crocodiles
  2 big kobolds
  9 giant frogs
  3 scorpions
  5 killer bees (D:10)
  4 wights
  A howler monkey (D:5)
  4 lava snakes (Lab)
  2 electric eels (D:8)
  2 crimson imps (D:7)
  3 human zombies (D:8)
  A centaur zombie (D:8)
  9 jellies
  11 hounds
  A centaur skeleton (D:5)
  A giant frog skeleton (D:9)
  3 orc priests
  2 gnoll shamans (D:6)
  6 iguanas
  Crazy Yiuf (D:3)
  4 orc wizards
  Terence (D:3)
  A human skeleton (D:8)
  Ijyb (D:2)
  6 worker ants
  13 sheep
  A killer bee zombie (D:9)
  A giant frog simulacrum (D:8)
  A hound zombie (D:9)
  A hound skeleton (D:4)
  4 mummies (D:8)
  Robin (D:3)
  9 gnolls
  2 howler monkey skeletons
  12 adders
  25 river rats
  5 white imps (D:8)
  A worker ant simulacrum (D:8)
  16 oozes
  An adder zombie (D:7)
  3 worms
  3 dart slugs
  6 giant geckos
  16 orcs
  A ball python (D:8)
  5 bats
  6 giant cockroaches
  16 goblins
  12 hobgoblins
  3 jackals (D:3)
  22 kobolds
  2 quokkas
  5 giant newts
  An orc skeleton (D:8)
  An orc zombie (D:8)
  A quokka simulacrum (D:8)
  A quokka zombie (D:6)
  10 rats
  5 fungi
  13 plants
530 creatures vanquished.

Vanquished Creatures (collateral kills)
  A centaur (D:6)
  A hobgoblin (D:6)
  A kobold (D:6)
3 creatures vanquished.

Vanquished Creatures (others)
  A goblin (D:3)
  5 fungi
  A plant (Lair:4)
7 creatures vanquished.

Grand Total: 540 creatures vanquished

Notes
Turn   | Place    | Note
-------+----------+-------------------------------------------
     0 | D:1      | IVIUSE the Minotaur Berserker began the quest for the Orb.
     0 | D:1      | Reached XP level 1. HP: 19/19 MP: 0/0
   165 | D:1      | Reached XP level 2. HP: 26/26 MP: 1/1
   403 | D:1      | Reached skill level 5 in Maces & Flails
   571 | D:1      | Reached XP level 3. HP: 31/31 MP: 2/2
   713 | D:1      | Reached ** piety under Trog
  1137 | D:2      | Noticed Ijyb
  1145 | D:2      | Killed Ijyb
  1145 | D:2      | Reached XP level 4. HP: 39/39 MP: 3/3
  1375 | D:3      | Noticed Terence
  1386 | D:3      | Killed Terence
  1433 | D:3      | Reached XP level 5. HP: 22/45 MP: 4/4
  1589 | D:3      | Noticed Robin
  1608 | D:3      | Killed Robin
  2084 | D:3      | Reached *** piety under Trog
  2173 | D:3      | Found a runed door.
  2177 | D:3      | Noticed Crazy Yiuf
  2181 | D:3      | Killed Crazy Yiuf
  2324 | D:4      | Identified the Compendium of Stones
  2376 | D:4      | Found a glowing golden altar of the Shining One.
  2435 | D:4      | Noticed a water moccasin
  2445 | D:4      | Killed a water moccasin
  2445 | D:4      | Reached XP level 6. HP: 30/51 MP: 5/5
  2792 | D:4      | Found a deep blue altar of Sif Muna.
  2950 | D:4      | Noticed mathmaestro's ghost (novice TrMo)
  2959 | D:4      | Killed mathmaestro's ghost
  2959 | D:4      | Reached skill level 10 in Maces & Flails
  2959 | D:4      | Reached XP level 7. HP: 45/57 MP: 6/6
  3139 | D:4      | Found Tesenis's Book Shop.
  3142 | D:4      | Noticed Eustachio
  3157 | D:4      | Killed Eustachio
  3240 | D:4      | Reached XP level 8. HP: 51/64 MP: 7/7
  3437 | D:4      | Found a sacrificial altar of Ru.
  3437 | D:4      | Found a shattered altar of Ashenzari.
  3520 | D:5      | Entered Level 5 of the Dungeon
  4593 | D:6      | Reached **** piety under Trog
  4735 | D:6      | Reached XP level 9. HP: 70/70 MP: 8/8
  4766 | D:6      | Gained mutation: Your natural rate of healing is unusually fast. [potion of mutation]
  4766 | D:6      | Gained mutation: You are partially covered in slimy green scales. (AC +2) [potion of mutation]
  4766 | D:6      | Gained mutation: You have sharp toenails. [potion of mutation]
  5198 | D:6      | Noticed Prince Ribbit
  5238 | D:6      | Killed Prince Ribbit
  5238 | D:6      | Reached skill level 15 in Maces & Flails
  5540 | D:6      | Found a sacrificial altar of Ru.
  6449 | D:7      | Reached skill level 4 in Fighting
  6633 | D:7      | Got a faintly glowing leather armour
  6634 | D:7      | Identified the +1 leather armour of Action {rCorr Stlth+} (You found it on level 7 of the Dungeon)
  6731 | D:7      | Found a staircase to the Ecumenical Temple.
  6742 | Temple   | Entered the Ecumenical Temple
  7112 | D:8      | Reached skill level 5 in Fighting
  7116 | D:8      | Reached XP level 10. HP: 81/81 MP: 9/9
  7256 | D:8      | Reached skill level 6 in Fighting
  7269 | D:8      | Found a basalt altar of Yredelemnul.
  7402 | D:8      | Reached skill level 7 in Fighting
  7469 | D:8      | Reached skill level 8 in Fighting
  7699 | D:8      | Reached ***** piety under Trog
  8049 | D:8      | Reached skill level 9 in Fighting
  8338 | D:9      | Noticed paul's ghost (novice FoFi)
  8348 | D:9      | Killed paul's ghost
  8348 | D:9      | Reached skill level 10 in Fighting
  8425 | D:9      | Reached skill level 11 in Fighting
  8566 | D:9      | Reached XP level 11. HP: 104/104 MP: 10/10
  8973 | D:10     | Entered Level 10 of the Dungeon
  8984 | D:10     | Reached skill level 12 in Fighting
  9069 | D:10     | Killed an unseen horror
  9203 | D:10     | Found a staircase to the Lair.
  9485 | D:10     | Noticed a hill giant
  9489 | D:10     | Killed a hill giant
  9489 | D:10     | Reached skill level 13 in Fighting
  9562 | D:10     | Found a shattered altar of Ashenzari.
  9637 | D:10     | Killed an unseen horror
  9648 | D:10     | Reached skill level 14 in Fighting
  9828 | D:10     | Found a staircase to the Orcish Mines.
 10011 | Lair:1   | Entered Level 1 of the Lair of Beasts
 10115 | Lair:1   | Received a gift from Trog
 10802 | Lair:2   | Reached skill level 15 in Fighting
 10861 | Lair:2   | Found a labyrinth entrance.
 10907 | Lab      | Entered a labyrinth
 11572 | Lab      | Noticed Thraspic's ghost (journeyman MiFi)
 11578 | Lab      | Reached XP level 12. HP: 122/122 MP: 9/11
 11593 | Lab      | Killed Thraspic's ghost
 11593 | Lab      | Reached skill level 16 in Fighting
 11801 | Lab      | Noticed a minotaur
 11845 | Lab      | Killed a minotaur
 11848 | Lab      | Got an uncursed ivory shortbow {venom}
 11903 | Lair:2   | Reached skill level 17 in Fighting
 11923 | Lair:2   | Received a gift from Trog
 12751 | Lair:3   | Noticed a death yak
 12765 | Lair:3   | Killed a death yak
 12773 | Lair:3   | Found a frozen archway.
 12788 | IceCv    | Entered an ice cave
 12792 | IceCv    | Reached skill level 18 in Fighting
 13476 | IceCv    | Reached skill level 19 in Fighting
 13511 | IceCv    | Noticed a frost giant
 13519 | IceCv    | Reached XP level 13. HP: 137/137 MP: 10/12
 13523 | IceCv    | Killed a frost giant
 13620 | IceCv    | Got a warped battleaxe
 14223 | Lair:3   | Got a faintly glowing cloak
 14226 | Lair:3   | Identified the cursed +0 cloak of Sudantog {rCorr} (You found it on level 3 of the Lair of Beasts)
 14337 | Lair:3   | Received a gift from Trog
 14764 | Lair:4   | Reached skill level 20 in Fighting
 14795 | Lair:4   | Got a scorched cloak
 14801 | Lair:4   | Identified the cursed +0 cloak of Leapfrog {Dex+4} (You found it on level 4 of the Lair of Beasts)
 14823 | Lair:4   | Found a staircase to the Snake Pit.
 14859 | Snake:1  | Entered Level 1 of the Snake Pit
 16143 | Snake:2  | Reached skill level 21 in Fighting
 16172 | Snake:2  | Noticed Aizul
 16190 | Snake:2  | Killed Aizul
 16491 | Snake:2  | Noticed blooo's ghost (adept SpFi)
 16525 | Snake:2  | Killed blooo's ghost
 16840 | Snake:2  | Noticed Agnes
 16846 | Snake:2  | Killed Agnes
 16846 | Snake:2  | Reached XP level 14. HP: 142/152 MP: 11/13
 16935 | Snake:2  | Reached skill level 22 in Fighting
 16987 | Snake:2  | Reached ****** piety under Trog
 16987 | Snake:2  | Received a gift from Trog
 16998 | Snake:2  | Got a crystal great mace {god gift}
 16999 | Snake:2  | Identified the +2 great mace "Moas" {antimagic, rPois rC+ rN+} (Trog gifted it to you on level 2 of the Snake Pit)
 17268 | Snake:2  | Found Tunek's Jewellery Emporium.
 17285 | Snake:2  | Found Kuvech's Gadget Boutique.
 17287 | Snake:2  | Found Wotebuf's Jewellery Emporium.
 17309 | Snake:2  | Bought the ring "Eppistac" {AC+6 Dex+3} for 1186 gold pieces
 17789 | Snake:3  | HP: 7/155 [naga/battleaxe of electrocution (2)]
 17793 | Snake:3  | HP: 2/155 [poisoned by a naga (splash of poison)]
 17795 | Snake:3  | Succumbed to a naga's splash of poison

Vault maps used:
D:1:      saegor_arrival_simple_e
D:2:      first_bread, uniq_iyjb
D:3:      uniq_robin, uniq_terence, uniq_crazy_yiuf_cottage
D:4:      gammafunk_temple_overflow_wave, tso_altar, serial_shops, shop,
          led_sif_pool, uniq_eustachio
D:5:      eino_small_chamber_without_monster
D:6:      kennysheep_housing_project, nicolae_ru_sacrificial_ziggurat,
          uniq_prince_ribbit1
D:7:      nicolae_overflow_hidden_temple
D:8:      serial_ice, serial_ice_n, serial_ice_b, serial_ice_l, serial_ice_d,
          serial_ice_g, serial_ice_f, serial_ice_m,
          lemuel_mausoleum_altar_yredelemnul
D:10:     david_lair_generic, orc_0_dummy, evilmike_ruin_ashenzari
Temple:   nicolae_temple_x_marks_the_god
Lair:1:   lemuel_slime, serial_bayou_shore_b
Lair:2:   lab_entry_generic
Lair:3:   portal_ice_cave_entry_pillars_1
Lair:4:   minmay_swamp_entry_worms, minmay_snake_entry_guardpost_medium,
          disabler_island, uniq_snorg
Snake:2:  grunt_ministairs_3, minmay_shop_grove, uniq_aizul, uniq_agnes
Lab:      nicolae_lab_dead_adventurers, labyrinth_skeletal_remains,
          nicolae_lab_swirl, nicolae_lab_blocks, labyrinth_lava_lair,
          nicolae_lab_statue, nicolae_lab_do_over, nicolae_lab_quarters,
          lab_block, nicolae_lab_plus, nicolae_lab_starburst,
          nicolae_lab_dead_end, lab_hedge
IceCv:    ice_cave_small_giant

Skill      XL: |  1  2  3  4  5  6  7  8  9 10 11 12 13 14 |
---------------+-------------------------------------------+-----
Maces & Flails | 4 5 6 8 10 11 13 16 | 16.0
Fighting       | 5 11 15 19 21 22 | 22.9
Armour         | |  2.4
Dodging        | |  2.1
Stealth        | |  0.1
Evocations     | |  0.5

Action                   |  1- 3 |  4- 6 |  7- 9 | 10-12 | 13-15 || total
-------------------------+-------+-------+-------+-------+-------++-------
Melee: Mace              |    64 |   125 |   119 |       |       ||   308
       Headbutt          |     7 |    22 |    78 |   160 |    85 ||   352
       Morningstar       |       |       |   212 |       |       ||   212
       Dire flail        |       |       |    51 |   700 |   289 ||  1040
       Great mace        |       |       |       |       |    97 ||    97
Invok: Berserk           |     2 |     5 |     5 |     9 |     8 ||    29
       Burn Spellbooks   |       |     1 |     1 |     1 |     2 ||     5
       Trog's Hand       |       |     1 |       |     1 |       ||     2
       Brothers in Arms  |       |       |     1 |       |     1 ||     2
Evoke: Wand              |       |       |       |     1 |       ||     1
  Use: Potion            |       |     6 |     4 |     5 |     6 ||    21
       Scroll            |       |     3 |     6 |    16 |     3 ||    28
  Eat: Beef jerky        |     1 |       |       |     1 |       ||     2
       Bread ration      |       |     2 |       |     8 |     2 ||    12
       Meat ration       |       |     1 |     3 |     1 |     2 ||     7
       Pizza             |       |       |     1 |     1 |       ||     2
       Royal jelly       |       |       |       |       |     2 ||     2
Armor: Animal skin       |     3 |       |       |       |       ||     3
       Ring mail         |    30 |    46 |       |       |       ||    76
       Chain mail        |       |     4 |   150 |   453 |   193 ||   800
       Skin              |       |       |    19 |       |       ||    19
Dodge: Dodged            |    59 |    77 |   118 |   334 |   161 ||   749
